Map: King Sejong Station LE

Players

Miszu - Winner!

  • Race: Terran Terran
  • League: Master

ViBE

  • Race: Zerg Zerg
  • League: Grandmaster

VOD

Have the link to the VOD?

Description

Time

  • Played on: July 6, 2016, 8:20 p.m.
  • Length: 11:00
Show
View Real Time Build Order
Export as new Build Order

Miszu Terran - Winner!

Build Orders: Reaper Expand, MMM Bio 

Get SALT Encoding   

  12  0:04  SCV  
  13  0:16  SCV  
  13  0:21  Supply Depot  
  14  0:29  SCV  
  15  0:42  SCV  
  16  0:43  Barracks  
  16  0:46  Refinery  
  16  0:54  SCV  
  17  1:06  SCV  
  18  1:19  SCV  
  19  1:30  Reaper  
  19  1:31  Orbital Command  
  20  1:41  Command Center  
  20  1:50  Supply Depot  
  20  1:56  SCV  
  20  1:58  Refinery  
  21  2:03  Barracks Reactor  
  21  2:13  SCV  
  22  2:23  Factory  
  22  2:25  SCV  
  23  2:37  SCV  
  23  2:41  Marine x2  
  26  2:49  SCV  
  27  2:53  Orbital Command  
  27  2:59  Marine x2  
  27  3:01  SCV  
  30  3:08  Starport, Factory Reactor  
  30  3:13  Supply Depot, SCV  
  30  3:17  Marine x2  
  30  3:19  SCV  
  34  3:25  SCV  
  35  3:31  SCV  
  36  3:34  Marine  
  36  3:35  Marine  
  36  3:37  SCV  
  39  3:43  SCV  
  40  3:50  Medivac x2, SCV, Widow Mine  
  40  3:55  Supply Depot, SCV  
  48  3:57  Marine x2  
  48  4:02  SCV  
  51  4:08  Liberator  
  51  4:13  Command Center  
  51  4:14  SCV x2  
  51  4:15  Liberator  
  53  4:26  SCV  
  53  4:27  SCV  
  58  4:36  Factory Tech Lab  
  61  4:38  Refinery, SCV  
  61  4:39  Refinery  
  61  4:41  Supply Depot  
  61  4:44  Supply Depot  
  62  5:03  SCV x2  
  60  5:07  Marine x2  
  60  5:12  Liberator  
  60  5:13  Barracks  
  59  5:15  Engineering Bay, Barracks, SCV x2  
  59  5:16  Engineering Bay  
  55  5:25  Marine x2  
  55  5:27  SCV x2  
  59  5:30  Orbital Command  
  62  5:39  SCV x2  
  62  5:40  Siege Tank  
  65  5:43  Marine x2  
  67  5:51  SCV x2  
  69  6:01  Marine x2  
  69  6:03  SCV  
  73  6:06  Barracks Tech Lab x2  
  73  6:07  Orbital Command  
  73  6:08  Terran Infantry Armor Level 1  
  73  6:09  Terran Infantry Weapons Level 1  
  73  6:10  SCV  
  73  6:12  Barracks  
  73  6:14  Barracks  
  73  6:15  SCV  
  71  6:18  Marine  
  71  6:19  Marine  
  71  6:22  SCV  
  74  6:29  SCV  
  74  6:31  Marine x2  
  74  6:32  Stimpack, Combat Shields  
  77  6:36  Marine x2  
  78  6:40  Refinery  
  78  6:44  SCV  
  78  6:45  SCV  
  78  6:46  SCV  
  81  6:49  Marine  
  81  6:50  Refinery  
  82  6:56  Marine, SCV  
  82  6:57  Siege Tank, SCV  
  82  6:58  Medivac x2, SCV  
  93  7:12  Marine  
  93  7:13  SCV x2  
  93  7:16  Barracks Reactor x2  
  93  7:19  Supply Depot, Marine x3  
  93  7:20  Supply Depot, SCV, Armory  
  97  7:25  SCV  
  97  7:29  SCV  
  99  7:30  Marine  
  99  7:32  SCV  
  99  7:33  Bunker  
  99  7:34  Supply Depot  
  98  7:37  Marine x2, SCV  
  98  7:39  Supply Depot, Marine  
  98  7:41  SCV  
  101  7:48  Marine  
  98  7:52  Marine x2  
  98  7:53  Marine x2  
  98  7:54  Supply Depot  
  98  7:55  Marine x2  
  98  7:56  Marine  
  105  8:02  SCV x3  
  108  8:06  Marine  
  108  8:10  Terran Infantry Armor Level 2, Marine x2, Terran Infantry Weapons Level 2  
  108  8:11  Marine x2  
  115  8:12  Supply Depot  
  115  8:13  Supply Depot x2, Hellion, Medivac x2, Marine x2  
  115  8:14  Marine  
  122  8:24  Marine  
  123  8:28  Marine x2  
  123  8:29  Marine x2  
  123  8:30  SCV x3  
  123  8:31  Marine x2  
  123  8:32  Marine  
  133  8:42  Marine, SCV x3  
  133  8:46  Marine x2  
  133  8:47  Marine x2, Command Center  
  141  8:49  Marine  
  141  8:50  Marine x2  
  144  8:59  Marine  
  140  9:03  Marine  
  140  9:07  SCV  
  140  9:08  Marine x6  
  132  9:17  Marine  
  132  9:21  Marine  
  133  9:25  Marine  
  133  9:26  Marine x5  
  133  9:27  Medivac  
  141  9:32  Siege Tank  
  141  9:35  Marine  
  141  9:37  Barracks  
  145  9:39  Marine, Barracks  
  145  9:40  Barracks  
  145  9:43  Marine  
  145  9:44  Marine x5  
  150  9:52  Medivac  
  146  9:53  Marine  
  146  9:57  Marine  
  148  10:00  Supply Depot  
  148  10:01  Marine  
  148  10:02  Marine x5  
  148  10:03  Supply Depot  
  154  10:07  Medivac  
  154  10:11  Marine  
  157  10:15  Marine  
  157  10:19  Marine x4  
  157  10:20  Marine x2  
  164  10:22  Medivac  
  166  10:28  Marine  
  166  10:31  Barracks Tech Lab x2  
  166  10:32  Barracks Tech Lab  
  166  10:33  Marine  
  166  10:34  Supply Depot  
  166  10:35  Supply Depot  
  168  10:37  Marine  
  168  10:38  Marauder  
Show
View Real Time Build Order
Export as new Build Order

ViBE Zerg 

Build Orders: Hatch First 

Get SALT Encoding   

  12  0:01  Drone  
  13  0:13  Overlord  
  13  0:18  Drone  
  14  0:31  Drone x2  
  16  0:37  Drone  
  17  0:56  Hatchery  
  16  1:01  Drone  
  17  1:12  Spawning Pool  
  17  1:13  Drone  
  17  1:18  Drone  
  18  1:20  Drone  
  19  1:34  Extractor  
  19  1:35  Drone  
  19  1:43  Overlord  
  19  2:00  Queen  
  21  2:07  Zergling x2  
  22  2:09  Queen  
  22  2:10  Drone  
  22  2:11  Drone  
  26  2:17  Zergling x2  
  26  2:20  Zergling x2  
  28  2:23  Drone  
  29  2:35  Extractor  
  28  2:43  Drone  
  30  2:47  Overlord  
  30  2:48  Queen  
  32  2:56  Metabolic Boost  
  32  2:58  Drone x3  
  33  3:04  Drone  
  33  3:05  Drone  
  36  3:15  Drone x5  
  41  3:28  Hatchery  
  39  3:41  Queen x2  
  39  3:42  Overlord  
  39  3:43  Overlord  
  43  3:54  Overlord  
  43  3:58  Drone  
  44  4:04  Drone x4  
  44  4:09  Drone x6  
  54  4:15  Drone  
  55  4:17  Queen x2  
  55  4:22  Overlord  
  59  4:26  Drone  
  59  4:31  Overlord  
  60  4:42  Zergling x2  
  60  4:43  Zergling x4  
  63  4:50  Zergling x14  
  68  5:00  Zergling x6  
  66  5:13  Spore Crawler  
  64  5:18  Drone x7  
  64  5:19  Queen  
  64  5:20  Queen  
  74  5:27  Hatchery  
  73  5:38  Drone x7, Hatchery  
  77  6:08  Queen  
  77  6:13  Drone x6  
  77  6:16  Hatchery  
  80  6:26  Zergling x2  
  80  6:28  Overlord x5  
  79  6:33  Extractor x2  
  71  6:43  Zergling x2  
  71  6:44  Zergling x16  
  80  6:55  Drone x4  
  76  7:16  Drone  
  76  7:17  Drone x5  
  76  7:22  Drone x10  
  91  7:27  Extractor  
  89  7:43  Zergling x2  
  89  7:44  Zergling x34  
  101  7:58  Drone x4  
  104  8:00  Drone x4  
  104  8:02  Drone x2  
  104  8:03  Drone  
  112  8:09  Lair  
  112  8:15  Baneling Nest, Zergling x14, Evolution Chamber  
  112  8:17  Evolution Chamber  
  116  8:35  Drone x3  
  116  8:36  Drone x3  
  116  8:37  Drone x2  
  116  8:38  Zergling x2  
  116  8:39  Zergling x12  
  116  8:40  Overlord x4  
  131  8:46  Overlord x3  
  131  8:52  Zerg Melee Weapons Level 1, Zerg Ground Armor Level 1  
  115  9:09  Zergling x20  
  118  9:10  Zergling x12  
  119  9:21  Zergling x20  
  110  9:36  Centrifical Hooks  
  110  9:42  Zergling x4  
  110  9:43  Zergling x38  
  130  9:52  Zergling x8  
  108  10:11  Infestation Pit  
  108  10:12  Spire, Zergling x36  
  108  10:13  Zergling x2  
  124  10:19  Extractor  
  124  10:20  Extractor  
  122  10:27  Baneling x2  
  122  10:28  Baneling x11  
  121  10:29  Baneling x4  
  121  10:41  Zergling x2, Hatchery  
  121  10:42  Zergling x18  
Tags
 
Add a new tag
Caveats
  • Supply blocks, unpowered buildings, or Contaminate may cause inaccurate times.
  • Supply counts are checked every 10 seconds.